 Dungeon Crawl Stone Soup version 0.29.1-2-gbd0b4ee654 (webtiles) character file.

Game seed: 2195373553293732997

635 istabcows the Insei (level 7, -2/55 HPs)
             Began as a Yellow Draconian Transmuter on Nov 29, 2022.
             Was an Initiate of Ashenzari.
             Slain by a lemure (8 damage)
             ... led by Pikel
             ... on level 5 of the Dungeon.
             The game lasted 00:42:49 (4571 turns).

istabcows the Insei (Yellow Draconian Transmuter)   Turns: 4571, Time: 00:42:50

Health: -2/55      AC:  6    Str: 12    XL:     7   Next: 25%
Magic:  10/12      EV: 12    Int: 15    God:    Ashenzari [......]
Gold:   135        SH:  0    Dex: 12    Spells: 1/13 levels left

rFire   x . .      SeeInvis .     - Unarmed
rCold   + . .      Faith    .   (no shield)
rNeg    . . .      Spirit   .   (body armour unavailable)
rPois   .          Reflect  .   (helmet currently unavailable)
rElec   .          Harm     .   (no cloak)
rCorr   +          Rampage  .   (no gloves)
Will    .....                   (boots currently unavailable)
Stlth   ++........              j - amulet of the acrobat
HPRegen 0.18/turn               n - ring of ice
MPRegen 0.13/turn               (no ring)

@: appendages (expiring), wereblooded, hasted, very quick
A: horns 2, talons 2, spit acid, AC +6, unfitting armour, cold-blooded, acid
resistance
a: Breathe Acid, End Transformation, Renounce Religion


You were on level 5 of the Dungeon.
You worshipped Ashenzari.
Ashenzari was noncommittal.
You had temporarily grown beastly horns and talons.
You visited 2 branches of the dungeon, and saw 6 of its levels.

You collected 141 gold pieces.
You donated 6 gold pieces to Zin.

Inventory:

Hand Weapons
 f - a +0 spear
Jewellery
 j - an amulet of the acrobat (around neck)
 n - a ring of ice (left hand)
Scrolls
 d - 2 scrolls of teleportation
 h - a scroll of brand weapon
 i - a scroll of butterflies
 k - a scroll of enchant weapon
 o - a scroll of magic mapping {unknown}
 p - a scroll of vulnerability {unknown}
 r - a scroll of torment {unknown}
Potions
 a - a potion of lignification
 b - a potion of degeneration {unknown}
 e - a potion of mutation {unknown}
 g - a potion of berserk rage {unknown}
 m - a potion of ambrosia {unknown}
 q - a potion of brilliance {unknown}


   Skills:
 + Level 2.0 Fighting
 + Level 2.9 Dodging
 + Level 2.0 Stealth
 + Level 5.3 Unarmed Combat
 + Level 3.8 Spellcasting
 + Level 0.7 Summonings
 + Level 4.0 Transmutations


You had one spell level left.
You knew the following spells:

 Your Spells              Type           Power      Damage    Failure   Level
a - Beastly Appendage     Tmut           28%        N/A       3%          1
b - Wereblood             Tmut           14%        N/A       5%          2
c - Call Imp              Summ           5%         N/A       21%         2
d - Spider Form           Tmut/Pois      8%         N/A       24%         3
e - Animate Dead          Necr           2%         N/A       88%         4

Your spell library contained the following spells:

 Spells                   Type           Power      Damage    Failure   Level
 Magic Dart               Conj           8%         1d3       19%         1
 Mephitic Cloud           Conj/Pois/Air  2%         N/A       50%         3
 Ice Form                 Ice/Tmut       13%        N/A       63%         4
 Haunt                    Necr/Summ      2%         N/A       100%        7
 Infestation              Necr           1%         N/A       100%        8


Dungeon Overview and Level Annotations

Branches:
Dungeon (5/15)             Temple (1/1) D:4

Altars:
Ashenzari
Dithmenos
Elyvilon
Gozag
Hepliaklqana
Nemelex Xobeh
Qazlal
Ru
Vehumet
Wu Jian
Xom
Zin

Shops:
D:5 [

Annotations:
D:5 Pikel


Innate Abilities, Weirdness & Mutations

You have temporarily grown beastly horns and talons.
You can spit globs of acid.
Your golden yellow scales are hard. (AC +6)
You cannot fit into any form of body armour.
You are cold-blooded and may be slowed by cold attacks.
You are resistant to acid. (rCorr)


Message History

The lemure hits you but does no damage. The lemure barely misses you.
You barely miss the lemure. Your kick misses the lemure.
The lemure is moderately wounded.
Pikel drinks a potion.
Pikel seems to grow stronger.
The lemure hits you. The lemure hits you but does no damage.
The lemure hits you. x2
You hit the lemure. You claw the lemure, but do no damage.
You headbutt the lemure, but do no damage.
The lemure is moderately wounded.
The lemure hits you. The lemure closely misses you.
The lemure hits you but does no damage. The lemure completely misses you.
You closely miss the lemure. You claw the lemure. You headbutt the lemure.
The lemure is severely wounded.
You hit the lemure but do no damage. You headbutt the lemure.
The lemure is almost dead.
Your transformation is almost over.
The iguana bites you. The lemure closely misses you.
The lemure hits you but does no damage. The lemure misses you.
The lemure barely misses you.
You closely miss the lemure. Your kick misses the lemure.
Your headbutt misses the lemure.
The lemure is almost dead.
The iguana barely misses you. The lemure hits you but does no damage.
The lemure barely misses you. The lemure hits you.
The lemure barely misses you.
You barely miss the lemure.
You headbutt the lemure, but do no damage.
The lemure is almost dead.
The iguana bites you.
The lemure hits you but does no damage. x2
The lemure barely misses you. The lemure hits you!
You completely miss the lemure. Your kick misses the lemure.
The lemure is almost dead.
The iguana closely misses you. The lemure hits you. x2
* * * LOW HITPOINT WARNING * * *
The lemure hits you.
* * * LOW HITPOINT WARNING * * *
The lemure barely misses you.
You feel yourself speed up. The iguana bites you.
* * * LOW HITPOINT WARNING * * *
The lemure hits you!
You die...

........................
).......................
........................
........................
....................)...
........................
......5l................
.....K5@.?..............
....8.55................
........................
..8.<.8.................
.....................###
....∩................#..
...?....................
##8.>.8#############.._.
#....


You could see Pikel (strong), 4 lemures and an iguana.

Vanquished Creatures
  Menkaure (D:5)
  2 scorpions
  2 jellies
  2 hounds
  2 orc wizards (D:5)
  4 adders
  5 worms
  5 dart slugs
  5 orcs
  4 ball pythons
  7 endoplasms
  3 giant cockroaches
  8 goblins
  4 hobgoblins
  4 jackals
  3 kobolds
  2 quokkas
  3 bats
  4 frilled lizards
  4 rats
74 creatures vanquished.

Vanquished Creatures (collateral kills)
  An ogre (D:4)
  A goblin (D:4)
2 creatures vanquished.

Vanquished Creatures (others)
  An orc wizard (D:5)
  3 plants (D:4)
4 creatures vanquished.

Grand Total: 80 creatures vanquished

Notes
Turn   | Place    | Note
-------+----------+-------------------------------------------
     0 | D:1      | istabcows the Draconian Transmuter began the quest for the
                  | Orb.
     0 | D:1      | Reached XP level 1. HP: 16/16 MP: 3/3
   163 | D:1      | Reached XP level 2. HP: 20/23 MP: 1/5
   435 | D:1      | Learned a level 2 spell: Wereblood
   821 | D:2      | Reached XP level 3. HP: 24/28 MP: 4/6
  1003 | D:2      | Found a faded altar of an unknown god.
  1011 | D:2      | Prayed at the altar of an unknown god.
  1011 | D:2      | Became a worshipper of Zin the Law-Giver
  1011 | D:2      | Reached * piety under Zin
  1013 | D:2      | Fell from the grace of Zin
  1165 | D:2      | Found a sacrificial altar of Ru.
  1594 | D:3      | Reached XP level 4. HP: 23/35 MP: 3/7
  1604 | D:3      | Reached skill level 1 in Stealth
  1854 | D:3      | Learned a level 2 spell: Call Imp
  1858 | D:3      | Learned a level 3 spell: Spider Form
  2160 | D:4      | Noticed a scorpion
  2166 | D:4      | Killed a scorpion
  2167 | D:4      | Reached skill level 4 in Unarmed Combat
  2167 | D:4      | Reached XP level 5. HP: 24/40 MP: 6/9
  2337 | D:4      | Noticed an ogre
  2581 | D:4      | Killed an ogre
  2651 | D:4      | Reached XP level 6. HP: 37/47 MP: 8/10
  3130 | D:4      | Found an opulent altar of Gozag.
  3290 | D:4      | Found a broken altar of Ashenzari.
  3310 | D:4      | Became a worshipper of Ashenzari the Shackled
  3384 | D:4      | Found a staircase to the Ecumenical Temple.
  3437 | D:4      | Found a glowing silver altar of Zin.
  3437 | D:4      | Noticed an angel
  3514 | D:4      | Found a shimmering altar of Xom.
  3619 | Temple   | Entered the Ecumenical Temple
  3672 | D:5      | Entered Level 5 of the Dungeon
  3976 | D:5      | Learned a level 4 spell: Animate Dead
  4055 | D:5      | Reached skill level 5 in Unarmed Combat
  4067 | D:5      | Your scales start taking on a golden yellow colour.
  4067 | D:5      | Reached XP level 7. HP: 41/53 MP: 10/12
  4067 | D:5      | Gained mutation: You are resistant to acid. (rCorr) [Yellow
                  | Draconian growth]
  4188 | D:5      | Found a hazy altar of Hepliaklqana.
  4213 | D:5      | Found an ornate altar of the Wu Jian Council.
  4213 | D:5      | Noticed Menkaure
  4219 | D:5      | HP: 1/53 [Menkaure (21)]
  4223 | D:5      | Killed Menkaure
  4554 | D:5      | Found Eschad's Antique Armour Shop.
  4557 | D:5      | Noticed Pikel
  4571 | D:5      | Slain by a lemure

Illustrated notes

Levels and vault maps discovered:
D:1:      lightli_iron_boxes, layout_loops_ring
D:2:      layout_rooms, hellmonk_ecumenical_altar_run_dry, basic_altar,
          hex_large, chequers_jeans, minmay_tromino_v7
D:3:      layout_rooms, grunt_decor_fettered, minmay_diced_spiral
D:4:      cheibrodos_old_hovel, layout_loops_corners, grunt_gozag_breadcrumbs,
          overflow_temple_1_default, zin_angel, marbit_many_paths,
          minmay_temple_entry_enclosed_plants
D:5:      layout_basic, kennysheep_vampire_church, mainiacjoe_overflow_alcove_1,
          nzn_hepliaklqana_mist_gate, serial_shops, nicolae_stop_n_shop_2,
          kennysheep_little_box, uniq_menkaure, uniq_pikel, uniq_blork_the_orc
Temple:   nicolae_temple_ecumenical_triangle

Skill      XL: |  1  2  3  4  5  6  7 |
---------------+----------------------+-----
Dodging        | 2 |  2.9
Stealth        | 1 2 |  2.0
Unarmed Combat | 4 5 |  5.3
Transmutations | 3 4 |  4.0
Spellcasting   | 3 |  3.8
Fighting       | 2 |  2.0
Summonings     | |  0.7

Action                   |  1- 3 |  4- 6 |  7- 9 || total
-------------------------+-------+-------+-------++-------
Melee: Unarmed           |   102 |   129 |    14 ||   245
       Kick              |    18 |    40 |     7 ||    65
       Headbutt          |    15 |    14 |     4 ||    33
       Tailslap          |     7 |    11 |     1 ||    19
       Punch             |     1 |     4 |     1 ||     6
 Cast: Beastly Appendage |    22 |    21 |     3 ||    46
       Wereblood         |     1 |     1 |     1 ||     3
       Call Imp          |       |     4 |       ||     4
Invok: Renounce Religion |     1 |       |       ||     1
 Abil: Breathe Acid      |       |       |     1 ||     1
  Use: Scroll            |     3 |     4 |       ||     7
       Potion            |       |     3 |     2 ||     5
 Stab: Sleeping          |     2 |     1 |       ||     3
Armor: Skin              |    29 |    35 |     8 ||    72
Dodge: Dodged            |    60 |    78 |    19 ||   157
